 Dungeon Crawl Stone Soup version 0.22-a0-542-gce4f928 (webtiles) character file.

462198 Eptagon the Shatterer (level 24, -6/270 HPs)
             Began as an Ogre Gladiator on June 22, 2018.
             Was the Champion of Okawaru.
             Mangled by a vault warden
             ... wielding a +0 halberd of chopping
              (12 damage)
             ... on level 5 of the Vaults on June 24, 2018.
             The game lasted 03:13:26 (72621 turns).

Eptagon the Shatterer (Ogre Gladiator)             Turns: 72621, Time: 03:13:27

Health: -6/270     AC: 31    Str: 24    XL:     24   Next: 50%
Magic:  32/32      EV: 13    Int:  7    God:    Okawaru [******]
Gold:   4908       SH:  0    Dex: 22    Spells: 20/23 levels left

rFire    + . .     SeeInvis +   a - +7 giant spiked club "Ackehel" {holy, *Drain Str+2 Dex+6}
rCold    + + .     Gourm    .   (shield currently unavailable)
rNeg     . . .     Faith    .   N - +5 gold dragon scales of the Alphagorgon {-Cast rElec rPois rF+ rC+ Str-5 SInv}
rPois    +         Spirit   .   G - +2 hat
rElec    +         Reflect  .   z - +2 cloak {+Inv}
rCorr    .         Harm     .   (gloves unavailable)
MR       +++..     NoCast   +   (boots unavailable)
Stlth    ..........             V - amulet of Timan {rPois rC+ Regen+}
HPRegen  0.95/turn              m - +3 ring of evasion
MPRegen  0.23/turn              O - ring of protection from magic

@: no status effects
A: large, unfitting armour, dopey 1, tough skin 1
}: 2/15 runes: barnacled, gossamer
a: Heroism, Finesse, Renounce Religion, Evoke Invisibility


You were on level 5 of the Vaults.
You worshipped Okawaru.
Okawaru was exalted by your worship.
You were not hungry.

You visited 8 branches of the dungeon, and saw 40 of its levels.
You visited the Abyss 1 time.
You also visited: Labyrinth, Bailey, Ice Cave and Desolation.

You collected 6424 gold pieces.
You spent 1516 gold pieces at shops.

Inventory:

Hand Weapons
 a - the +7 giant spiked club "Ackehel" (weapon) {holy, *Drain Str+2 Dex+6}
   (Okawaru gifted it to you on level 13 of the Dungeon)

   It has been blessed by the Shining One to cause great damage to the undead
   and demons.
   It affects your strength (+2).
   It affects your dexterity (+6).
   It causes draining when unequipped.
Missiles
 b - 7 silver javelins
 d - 5 throwing nets
 g - 41 javelins of penetration
 s - 41 large rocks (quivered)
Armour
 z - a +2 cloak of invisibility (worn)
 G - a +2 hat (worn)
 N - the +5 gold dragon scales of the Alphagorgon (worn) {-Cast rElec rPois rF+ rC+ Str-5 SInv}
   (You acquired it in a bailey)

   It affects your strength (-5).
   It protects you from fire.
   It protects you from cold.
   It insulates you from electricity.
   It protects you from poison.
   It lets you see invisible.
   It prevents spellcasting.
Jewellery
 m - a +3 ring of evasion (left hand)
 r - the macabre finger necklace {rN+}
   (You bought it in a shop on level 2 of the Orcish Mines)

   [amulet of nothing]

   It protects you from negative energy.
 u - an uncursed ring of positive energy
 O - a ring of protection from magic (right hand)
 Q - an uncursed ring of resist corrosion
 S - an uncursed ring of see invisible
 V - the amulet of Timan (around neck) {rPois rC+ Regen+}
   (You took it off a servant of whispers in the Desolation of Salt)

   [amulet of regeneration]

   It protects you from cold.
   It protects you from poison.
   It increases your rate of regeneration.
Wands
 e - a wand of iceblast (15)
 R - a wand of acid (42)
 Y - a wand of digging (41)
Scrolls
 i - 8 scrolls of fog
 k - 25 scrolls of remove curse
 o - 6 scrolls of enchant armour
 p - 11 scrolls of teleportation
 w - 16 scrolls of identify
 y - 6 scrolls of blinking
 B - 6 scrolls of fear
 K - a scroll of holy word
 M - 6 scrolls of magic mapping
 U - 4 scrolls of summoning
 X - a scroll of amnesia
 Z - 5 scrolls of immolation
Potions
 j - 10 potions of curing
 l - 6 potions of haste
 n - 2 potions of berserk rage
 t - 7 potions of agility
 v - 3 potions of resistance
 x - 7 potions of ambrosia
 A - 5 potions of magic
 D - 3 potions of invisibility
 E - 10 potions of flight
 F - 7 potions of might
 H - 7 potions of mutation
 I - 4 potions of cancellation
 J - 4 potions of brilliance
Miscellaneous
 c - a lamp of fire
 h - 2 phantom mirrors
 q - a fan of gales
 C - 2 sacks of spiders
 P - a lightning rod (4/4)
 W - a phial of floods
Comestibles
 f - 59 rations
 T - 6 chunks of flesh


   Skills:
 + Level 21.3 Fighting
 * Level 21.5 Maces & Flails
 + Level 17.3 Throwing
 + Level 14.0 Armour
 + Level 11.6 Dodging
 - Level 8.0 Invocations
 - Level 12.0 Evocations


You had 20 spell levels left.
You knew the following spells:

 Your Spells              Type           Power        Failure   Level  Hunger
r - Regeneration          Chrm/Necr      #.........   100%        3    ####...

Your spell library contained the following spells:

 Spells                   Type           Power        Failure   Level  Hunger
 Magic Dart               Conj           #...         100%        1    ##.....
 Fireball                 Conj/Fire      #.........   100%        5    ######.
 Apportation              Tloc           #.....       100%        1    ##.....
 Conjure Flame            Conj/Fire      #.......     100%        3    ####...
 Bolt of Fire             Conj/Fire      #.........   100%        6    #######
 Bolt of Magma            Conj/Fire/Erth #.........   100%        5    ######.
 Slow                     Hex            #.......     100%        2    ###....
 Confuse                  Hex            #.......     100%        3    ####...
 Invisibility             Hex            #.......     100%        6    #######
 Throw Flame              Conj/Fire      #.....       100%        2    ###....
 Throw Frost              Conj/Ice       #.....       100%        2    ###....
 Freezing Cloud           Conj/Ice/Air   #.........   100%        6    #######
 Mephitic Cloud           Conj/Pois/Air  #.......     100%        3    ####...
 Ring of Flames           Chrm/Fire      #.........   100%        7    #######
 Summon Small Mammal      Summ           #...         100%        1    ##.....
 Bolt of Draining         Conj/Necr      #.........   100%        5    ######.
 Blink                    Tloc           N/A          100%        2    ###....
 Animate Dead             Necr           N/A          100%        4    #####..
 Pain                     Necr           #...         100%        1    ##.....
 Animate Skeleton         Necr           N/A          100%        1    ##.....
 Vampiric Draining        Necr           #.........   100%        3    ####...
 Freeze                   Ice            #...         100%        1    ##.....
 Sticky Flame             Conj/Fire      #.......     100%        4    #####..
 Summon Ice Beast         Ice/Summ       #.......     100%        4    #####..
 Ozocubu's Armour         Chrm/Ice       #.......     100%        3    ####...
 Call Imp                 Summ           #.......     100%        2    ###....
 Dispel Undead            Necr           #.......     100%        5    ######.
 Sublimation of Blood     Necr           #.........   100%        2    ###....
 Tukima's Dance           Hex            #.......     100%        3    ####...
 Summon Demon             Summ           #.........   100%        5    ######.
 Corpse Rot               Necr           N/A          100%        2    ###....
 Iron Shot                Conj/Erth      #.........   100%        6    #######
 Stone Arrow              Conj/Erth      #.....       100%        3    ####...
 Recall                   Summ/Tloc      N/A          100%        3    ####...
 Agony                    Necr           #.......     100%        5    ######.
 Statue Form              Tmut/Erth      #........    100%        6    #######
 Dragon Form              Tmut           #.........   100%        7    #######
 Deflect Missiles         Chrm/Air       #.........   100%        6    #######
 Throw Icicle             Conj/Ice       #.......     100%        4    #####..
 Shadow Creatures         Summ           N/A          100%        6    #######
 Flame Tongue             Conj/Fire      #....        100%        1    ##.....
 Ignite Poison            Fire/Tmut/Pois #.......     100%        3    ####...
 Call Canine Familiar     Summ           #.......     100%        3    ####...
 Ensorcelled Hibernation  Hex/Ice        #.....       100%        2    ###....
 Metabolic Englaciation   Hex/Ice        #.........   100%        5    ######.
 Summon Butterflies       Summ           #.......     100%        1    ##.....
 Shatter                  Erth           #.........   100%        9    #######
 Corona                   Hex            #......      100%        1    ##.....
 Alistair's Intoxication  Tmut/Pois      #.......     100%        5    ######.
 Simulacrum               Ice/Necr       #.........   100%        6    #######
 Excruciating Wounds      Chrm/Necr      #.........   100%        5    ######.
 Leda's Liquefaction      Hex/Erth       #.........   100%        4    #####..
 Summon Hydra             Summ           #.........   100%        7    #######
 Shroud of Golubria       Chrm/Tloc      #.........   100%        2    ###....
 Inner Flame              Hex/Fire       #.......     100%        3    ####...
 Aura of Abjuration       Summ           #.........   100%        5    ######.
 Iskenderun's Battlesphe  Conj/Chrm      #.......     100%        5    ######.
 Dazzling Spray           Conj/Hex       #.....       100%        3    ####...
 Infusion                 Chrm           #...         100%        1    ##.....
 Song of Slaying          Chrm           #.......     100%        2    ###....
 Spectral Weapon          Hex/Chrm       #.......     100%        3    ####...
 Summon Forest            Summ/Tloc      #.........   100%        5    ######.
 Summon Lightning Spire   Summ/Air       #.......     100%        4    #####..
 Summon Guardian Golem    Hex/Summ       #.......     100%        3    ####...
 Summon Mana Viper        Hex/Summ       #.......     100%        5    ######.
 Hydra Form               Tmut           #.........   100%        6    #######
 Irradiate                Conj/Tmut      #.........   100%        5    ######.
 Lesser Beckoning         Tloc           #.........   100%        3    ####...
 Ignition                 Fire           #.........   100%        8    #######


Dungeon Overview and Level Annotations

Branches:
Dungeon (15/15)            Temple (1/1) D:6            Lair (6/6) D:9
 Shoals (4/4) Lair:2       Spider (4/4) Lair:4        Slime (0/5) Lair:5
    Orc (2/2) D:11            Elf (3/3) Orc:2        Vaults (5/5) D:14
  Crypt (0/3) Vaults:3     Depths (0/5) D:15

Altars:
Ashenzari
Cheibriados
Dithmenos
Elyvilon
Fedhas
Gozag
Hepliaklqana
Kikubaaqudgha
Makhleb
Nemelex Xobeh
Okawaru
Qazlal
Ru
Sif Muna
Trog
Uskayaw
Vehumet
Wu Jian
Xom
Yredelemnul
Zin
The Shining One
Beogh
Jiyva
Lugonu

Shops:
D:6 [   D:9 [   D:12 :   D:15 (   Orc:2 =*([   Vaults:1 [   Vaults:3 (

Annotations:
D:4 Edmund
D:6 3 runed doors, Enish's ghost, amateur NaCK


Innate Abilities, Weirdness & Mutations

You are too large for most types of armour.
You have tough skin. (AC +1)
You are dopey. (Int -2)


Message History

Okay, then.
Evoke which item? (* to show all) (? for menu, Esc to quit)
You reach into the bag... ...but nothing happens.
The yaktaur shoots a bolt.
The bolt hits you!
* * * LOW HITPOINT WARNING * * *
You feel much better.
The vault warden hits you from afar with a halberd of chopping!
* * * LOW HITPOINT WARNING * * *
x2 The yaktaur shoots a bolt.
The bolt hits you.
* * * LOW HITPOINT WARNING * * *
The vault warden closely misses you.
Items here: (( ))))))) [[[[[[ ÷÷ †† You bludgeon the vault warden!!
The vault warden is moderately wounded.
The vault warden hits you with a halberd of chopping!
* * * LOW HITPOINT WARNING * * *
x2 You feel better.
The yaktaur shoots a bolt.
The bolt hits you!
* * * LOW HITPOINT WARNING * * *
The vault warden hits you with a halberd of chopping!
You die...

#(...
#...
#..(
#.(#
#.(#
#).#
#(.#
#p.#
#@.#
#(.#
#()#
#)(#
#((#
#)(#
#)(#...≈
#c(#...
#)(#..#


You could see a vault warden and a yaktaur.

Vanquished Creatures
  The ghost of Gugguf the Tortoise, a veteran HuFi of Hepliaklqana (Vaults:1)
  A golden dragon (Vaults:5)
  Nikola (Elf:3)
  A tentacled monstrosity (Vaults:3)
  Jorgrun (Vaults:2)
  An Ice Fiend (IceCv)
  The ghost of opiumtea the Severer, an adept HOMo of Beogh (Vaults:1)
  A deep elf blademaster (Elf:3)
  2 titans
  A deep elf master archer (Elf:3)
  A quicksilver dragon (Shoals:3)
  A tentacled starspawn (Abyss:2)
  Gastronok (D:10)
  5 sphinxes
  Kirke (D:12)
  4 storm dragons
  Roxanne (Elf:2)
  A revenant (Vaults:3)
  Ilsuiw (Shoals:4)
  A frost giant (shapeshifter) (Vaults:4)
  3 tengu reavers (Vaults:5)
  3 frost giants
  11 vault wardens
  9 deep elf sorcerers (Elf:3)
  2 fire giants
  Louise (Elf:3)
  An iron dragon (Vaults:5)
  5 ghost moths
  3 imperial myrmidons (Desolation)
  9 emperor scorpions
  3 deep elf elementalists
  An orc warlord (Vaults:3)
  9 very ugly things
  Aizul (Shoals:1)
  2 war gargoyles (Vaults:3)
  7 stone giants
  12 ironheart preservers
  A vampire knight (Vaults:3)
  5 entropy weavers
  7 deep elf demonologists (Elf:3)
  A lorocyproca (Abyss:2)
  A minotaur (Lab)
  5 deep elf annihilators
  Erolcha (D:9)
  2 halazid warlocks (Desolation)
  3 spark wasps
  A yellow draconian (Abyss:2)
  8 deep elf death magi
  3 crystal guardians
  Josephine (Lair:5)
  4 fire dragons
  7 merfolk javelineers
  12 merfolk impalers
  4 ettins
  9 ragged hierophants (Desolation)
  Fannar (D:11)
  5 deep elf high priests
  4 great orbs of eyes
  9 servants of whispers (Desolation)
  A rakshasa (D:14)
  41 vault guards
  9 peacekeepers (Desolation)
  11 centaur warriors
  5 ice dragons
  The ghost of Torious the Destroyer, a journeyman DECj of Sif Muna (D:12)
  8 yaktaur captains
  31 two-headed ogres
  3 merfolk aquamancers
  5 hydras
  2 satyrs
  An alligator snapping turtle (Shoals:2)
  5 death knights
  A queen ant (Spider:3)
  2 merfolk avatars
  10 ogre magi
  A vampire mage (Vaults:3)
  5 death yaks
  30 dancing weapons
  5 tengu warriors
  2 orc high priests
  Nergalle (D:10)
  5 thrashing horrors (Abyss:2)
  2 fire crabs (shapeshifter)
  10 skeletal warriors
  22 deep elf knights
  10 sea snakes
  2 unseen horrors
  An anaconda zombie (Abyss:2)
  An unseen horror (shapeshifter) (Vaults:2)
  11 deep trolls
  A lindwurm (Lair:6)
  A flayed ghost (Vaults:5)
  A harpy (shapeshifter) (Vaults:3)
  5 phantasmal warriors
  5 harpies (Shoals:4)
  4 wizards
  18 deep elf archers
  20 ironbrand convokers
  A necromancer (Vaults:2)
  Pikel (D:8)
  18 orb spiders
  61 deep elf magi
  16 spiny frogs
  A statue (Abyss:2)
  4 orc sorcerers
  12 orc knights
  30 ugly things
  A salamander (Spider:3)
  32 wolf spiders
  14 fauns
  A worldbinder (Abyss:2)
  15 manticores
  16 cyclopes
  A moth of wrath (Spider:4)
  2 ice statues
  Maurice (D:10)
  Joseph (D:9)
  5 guardian serpents
  9 merfolk sirens
  6 torpor snails
  8 water nymphs
  A gargoyle (D:14)
  2 molten gargoyles (Desolation)
  3 smoke demons (Abyss:2)
  6 black mambas
  16 vault sentinels
  An orange demon (Abyss:2)
  A guardian serpent (shapeshifter) (Vaults:4)
  3 kobold demonologists
  A hellion (Abyss:2)
  4 demonic crawlers
  11 freezing wraiths
  2 efreet (Abyss:2)
  5 ice devils (IceCv)
  A tengu conjurer (D:14)
  9 komodo dragons
  A golden dragon simulacrum (IceCv)
  39 yaktaurs
  3 anaconda simulacra (IceCv)
  10 trolls
  3 meliai (D:15)
  A troll (shapeshifter) (Vaults:4)
  2 ancient zymes (Abyss:2)
  4 tyrant leeches (Lair:6)
  4 polar bears
  32 jumping spiders
  28 merfolk
  14 hornets
  A hornet (shapeshifter) (Vaults:3)
  A queen bee (shapeshifter) (Vaults:2)
  16 slime creatures
  6 wind drakes
  4 raiju (Abyss:2)
  8 snapping turtles
  11 dream sheep
  70 saltlings (Desolation)
  16 hippogriffs
  9 blink frogs
  4 large abominations
  A hippogriff (shapeshifter) (Vaults:3)
  83 redbacks
  18 wraiths
  2 shadows (D:12)
  2 vampires
  3 air elementals
  38 tarantellas
  20 wyverns
  3 dire elephant simulacra (IceCv)
  15 water elementals
  2 fire bats (Abyss:2)
  17 yaks
  2 hogs (shapeshifter)
  3 humans
  4 fire elementals
  4 hungry ghosts (Lab)
  2 basilisks
  2 vampire mosquitoes (D:13)
  5 harpy simulacra (IceCv)
  An iron troll simulacrum (IceCv)
  4 wargs
  18 soldier ants
  3 acid dragons
  2 hydra simulacra (IceCv)
  A water moccasin (shapeshifter) (Vaults:3)
  A floating eye (Vaults:3)
  15 water moccasins
  An ettin simulacrum (Vaults:2)
  35 orc warriors
  8 porcupines
  A black bear (D:7)
  2 slaves (D:8)
  3 small abominations
  4 sky beasts
  An ice beast (D:9)
  An ice beast (shapeshifter) (Elf:3)
  12 starcursed masses (Abyss:2)
  An eye of draining (D:12)
  3 necrophages
  24 ogres
  A wolf (shapeshifter) (Vaults:2)
  2 phantoms
  7 boggarts
  27 centaurs
  An ogre (shapeshifter) (Vaults:2)
  11 wolves
  10 crocodiles
  5 big kobolds
  16 bullfrogs
  A wyvern zombie (D:9)
  6 earth elementals
  A wyvern skeleton (D:11)
  2 scorpions
  3 killer bees (D:11)
  5 wights (D:7)
  5 howler monkeys
  17 electric eels
  11 crimson imps
  A centaur zombie (D:6)
  7 hounds
  2 quasits
  2 bullfrog zombies
  2 draconian simulacra (IceCv)
  17 orc priests
  7 jellies
  3 centaur skeletons
  2 bullfrog skeletons
  23 orc wizards
  5 iguanas
  3 troll simulacra (IceCv)
  31 worker ants
  A polar bear simulacrum (IceCv)
  A spriggan simulacrum (IceCv)
  3 wolf simulacra (IceCv)
  2 hound zombies (D:7)
  A hound skeleton (D:4)
  A worker ant zombie (D:10)
  A howler monkey zombie (D:9)
  2 gnolls (Bailey)
  11 adders
  3 naga simulacra (IceCv)
  An ogre simulacrum (IceCv)
  A shadow imp (D:6)
  3 white imps (IceCv)
  9 ufetubi
  2 oozes
  An adder zombie (D:5)
  A worm (D:2)
  A dart slug (D:1)
  3 leopard geckos
  109 orcs
  6 bats
  4 giant cockroaches
  23 goblins
  14 hobgoblins
  27 jackals
  17 kobolds
  5 quokkas
  2 ball pythons
  6 frilled lizards
  A jackal zombie (D:5)
  A leopard gecko skeleton (D:5)
  A quokka skeleton (D:4)
  A quokka zombie (D:5)
  5 rats
  3 crawling corpses
  3 fungi
  3 plants
  2 starspawn tentacles (Abyss:2)
1996 creatures vanquished.

Vanquished Creatures (collateral kills)
  A merfolk javelineer (Shoals:2)
  Snorg (Lair:6)
  A wolf spider (Spider:4)
  A cyclops (Orc:2)
  A black mamba (Lair:6)
  2 spiny frogs
  4 blink frogs
  A hornet (Lair:6)
  A redback (Spider:4)
  A tarantella (Spider:4)
  A water moccasin (Lair:6)
  A wyvern (Lair:6)
  2 chaos spawn (D:9)
  5 hell rats (Lair:6)
  A fungus (Lair:6)
24 creatures vanquished.

Vanquished Creatures (others)
  A merfolk aquamancer (Shoals:4)
  2 two-headed ogres (Vaults:2)
  A deep elf knight (Elf:2)
  2 spiny frogs (Lair:6)
  2 deep elf magi
  A rime drake (Lair:3)
  A wolf spider (Spider:4)
  A wyvern (Lair:6)
  2 saltlings (Desolation)
  A dream sheep (D:8)
  An air elemental (Elf:2)
  A redback (Lair:6)
  2 yaks (Lair:3)
  A water elemental (Shoals:3)
  A hungry ghost (D:12)
  A water moccasin (Lair:6)
  2 slaves (D:8)
  3 ogres
  A big kobold (D:12)
  A howler monkey (shapeshifter) (Vaults:5)
  A crimson imp (D:10)
  An orc wizard (D:9)
  An orc (D:9)
  3 kobolds (D:12)
  A crawling corpse (Elf:3)
  19 fungi
  52 plants
  A starspawn tentacle (Abyss:2)
107 creatures vanquished.

Grand Total: 2127 creatures vanquished

Notes
Turn   | Place    | Note
-------+----------+-------------------------------------------
     0 | D:1      | Eptagon the Ogre Gladiator began the quest for the Orb.
     0 | D:1      | Reached XP level 1. HP: 22/22 MP: 1/1
   203 | D:1      | Reached XP level 2. HP: 29/29 MP: 2/2
   969 | D:1      | Reached XP level 3. HP: 37/37 MP: 3/3
  1634 | D:2      | Reached XP level 4. HP: 41/45 MP: 4/4
  2768 | D:3      | Found a radiant altar of Vehumet.
  2842 | D:3      | Reached XP level 5. HP: 53/54 MP: 5/5
  3701 | D:3      | Found a shimmering altar of Xom.
  3813 | D:4      | Learned a level 3 spell: Regeneration
  3921 | D:4      | Reached XP level 6. HP: 60/62 MP: 6/6
  4001 | D:4      | Noticed Edmund
  4840 | D:4      | Found a stormy altar of Qazlal.
  4926 | D:4      | Found a glowing golden altar of the Shining One.
  5093 | D:5      | Entered Level 5 of the Dungeon
  5190 | D:5      | Noticed a necrophage
  5208 | D:5      | Killed a necrophage
  5208 | D:5      | Reached skill level 5 in Maces & Flails
  5208 | D:5      | Reached XP level 7. HP: 29/65 MP: 7/7
  5430 | D:5      | Reached skill level 5 in Fighting
  5731 | D:5      | Found a burning altar of Makhleb.
  5731 | D:5      | Found a glowing silver altar of Zin.
  5732 | D:5      | Noticed an angel
  5732 | D:5      | Noticed a balrug
  6321 | D:5      | Found an ancient bone altar of Kikubaaqudgha.
  6760 | D:6      | Reached XP level 8. HP: 78/80 MP: 8/8
  6782 | D:6      | Found a runed gate.
  6784 | D:6      | Found a runed gate.
  6784 | D:6      | Found a runed gate.
  6791 | D:6      | Noticed Enish's ghost (amateur NaCK)
  6793 | D:6      | Found the +0 Maxwell's etheric cage {RegenMP+ *Contam rElec MP+4}
  6814 | D:6      | Found a staircase to the Ecumenical Temple.
  6843 | Temple   | Entered the Ecumenical Temple
  6917 | D:6      | Reached skill level 1 in Evocations
  6999 | D:6      | Found Guuguf's Armour Emporium.
  7766 | D:6      | You fall through a shaft!
  8045 | D:7      | Reached skill level 5 in Throwing
  8045 | D:7      | Reached skill level 5 in Dodging
  8157 | D:7      | Reached XP level 9. HP: 91/91 MP: 10/10
  8607 | D:6      | Found a roughly hewn altar of Beogh.
  9321 | D:7      | Found a sacrificial altar of Ru.
  9650 | D:8      | Found a flagged portal.
  9779 | Bailey   | Entered a bailey
  9901 | Bailey   | Noticed a kobold demonologist
  9908 | Bailey   | Noticed an orc high priest
  9913 | Bailey   | Noticed a rust devil
  9925 | Bailey   | Killed an orc high priest
 10012 | Bailey   | Killed a kobold demonologist
 10012 | Bailey   | Reached XP level 10. HP: 26/103 MP: 12/12
 10656 | Bailey   | Found an iron altar of Okawaru.
 10666 | Bailey   | Became a worshipper of Warmaster Okawaru
 11390 | Bailey   | Got ichor-stained gold dragon scales
 11401 | Bailey   | Identified the +5 gold dragon scales of the Alphagorgon {-Cast rElec rPois rF+ rC+ Str-5 SInv} (You acquired it in a bailey)
 11868 | D:8      | Reached * piety under Okawaru
 12129 | D:8      | Noticed Pikel
 12129 | D:8      | Noticed a three-headed hydra
 12149 | D:8      | Killed Pikel
 12149 | D:8      | Reached skill level 1 in Armour
 12170 | D:8      | Reached ** piety under Okawaru
 12312 | D:8      | Killed a three-headed hydra
 12321 | D:8      | Reached XP level 11. HP: 97/114 MP: 14/14
 12565 | D:9      | Upgraded the game from 0.22-a0-533-g4d20840 to 0.22-a0-538-g76cc104
 12604 | D:9      | Noticed a two-headed ogre
 12619 | D:9      | Killed a two-headed ogre
 12619 | D:9      | Reached *** piety under Okawaru
 12871 | D:9      | Found a shadowy altar of Dithmenos.
 12875 | D:9      | Found a staircase to the Lair.
 12885 | D:9      | Found a sparkling altar of Nemelex Xobeh.
 12970 | D:9      | Found Loum's Antique Armour Shop.
 13001 | D:9      | Noticed Joseph
 13037 | D:9      | Killed Joseph
 13037 | D:9      | Reached skill level 5 in Evocations
 13508 | D:9      | Found a shimmering altar of Xom.
 13508 | D:9      | Noticed Erolcha
 13509 | D:9      | Found the +8 mace of Variability {chaos}
 13947 | D:9      | Found an iron altar of Okawaru.
 13965 | D:9      | Reached skill level 10 in Maces & Flails
 14055 | D:9      | Killed Erolcha
 14055 | D:9      | Reached **** piety under Okawaru
 14055 | D:9      | Reached skill level 10 in Fighting
 14055 | D:9      | Reached skill level 1 in Invocations
 14396 | D:9      | Found a hazy altar of Hepliaklqana.
 14396 | D:9      | Found a deep blue altar of Sif Muna.
 14402 | D:9      | Found a faded altar of an unknown god.
 14404 | D:9      | Found an opulent altar of Gozag.
 14406 | D:9      | Found a faded altar of an unknown god.
 14431 | D:9      | Found a white marble altar of Elyvilon.
 14518 | Lair:1   | Entered Level 1 of the Lair of Beasts
 14518 | Lair:1   | Noticed a four-headed hydra
 14528 | Lair:1   | Killed a four-headed hydra
 14943 | Lair:1   | Killed a spiny frog
 15842 | Lair:1   | Reached ***** piety under Okawaru
 15842 | Lair:1   | Received a gift from Okawaru
 15842 | Lair:1   | Reached XP level 12. HP: 40/127 MP: 16/16
 16365 | Lair:2   | Noticed an eight-headed hydra
 16376 | Lair:2   | Killed an eight-headed hydra
 16672 | Lair:2   | Noticed a six-headed hydra
 16680 | Lair:2   | Killed a six-headed hydra
 16759 | Lair:2   | Received a gift from Okawaru
 17391 | Lair:2   | Found a staircase to the Shoals.
 18872 | Lair:4   | Noticed a seven-headed hydra
 18882 | Lair:4   | Killed a seven-headed hydra
 19497 | Lair:4   | Found a hole to the Spider Nest.
 19759 | Lair:4   | Reached skill level 5 in Invocations
 19771 | Lair:4   | Reached XP level 13. HP: 119/137 MP: 17/17
 19773 | Lair:4   | Reached skill level 5 in Armour
 20674 | Lair:5   | Received a gift from Okawaru
 21753 | Lair:5   | Found a viscous altar of Jiyva.
 21753 | Lair:5   | Found a staircase to the Slime Pits.
 21784 | Lair:5   | Received a gift from Okawaru
 22496 | Lair:6   | Entered Level 6 of the Lair of Beasts
 22496 | Lair:6   | Noticed Snorg
 22619 | Lair:6   | Killed Snorg
 22657 | Lair:6   | Found a labyrinth entrance.
 22727 | Lab      | Entered a labyrinth
 23107 | Lab      | Noticed a minotaur
 23127 | Lab      | Killed a minotaur
 23283 | Lair:6   | Noticed Josephine
 23517 | Lair:5   | Killed Josephine
 23550 | Lair:5   | Received a gift from Okawaru
 23903 | Lair:5   | Reached XP level 14. HP: 39/150 MP: 19/19
 24387 | Lair:6   | Reached skill level 10 in Throwing
 25267 | Lair:6   | Found a runed door.
 25598 | Lair:6   | Paralysed by a hornet for 1 turns
 25612 | Lair:6   | Paralysed by a hornet for 3 turns
 25749 | Lair:6   | HP: 1/150 [tyrant leech (20)]
 27044 | Lair:6   | Found the +6 shillelagh "Devastator" {shatter}
 27078 | Lair:6   | Received a gift from Okawaru
 27378 | D:10     | Entered Level 10 of the Dungeon
 27454 | D:10     | Received a gift from Okawaru
 27659 | D:10     | Noticed Nergalle
 27670 | D:10     | Killed Nergalle
 27950 | D:10     | Noticed Gastronok
 27966 | D:10     | Killed Gastronok
 28162 | D:10     | Found a large runed door.
 28163 | D:10     | Found a large runed door.
 28325 | D:10     | Noticed Maurice
 28333 | D:10     | Killed Maurice
 28703 | D:11     | Found a staircase to the Orcish Mines.
 28954 | D:11     | Noticed Fannar
 28971 | D:11     | Killed Fannar
 29315 | Orc:1    | Entered Level 1 of the Orcish Mines
 29517 | Orc:2    | Entered Level 2 of the Orcish Mines
 29517 | Orc:2    | Found a staircase to the Elven Halls.
 29534 | Orc:2    | Found Mesi's Antique Armour Emporium.
 29548 | Orc:2    | Noticed a stone giant
 29828 | Orc:2    | Killed a stone giant
 29828 | Orc:2    | Reached XP level 15. HP: 154/161 MP: 21/21
 30122 | Orc:2    | Received a gift from Okawaru
 30450 | Orc:2    | Found Aduy's Jewellery Emporium.
 30508 | Orc:2    | HP: 5/161 [ettin/dire flail (17)]
 30521 | Orc:2    | HP: 8/161 [ettin/dire flail (15)]
 30944 | Orc:2    | Received a gift from Okawaru
 31015 | Orc:2    | Found Ytza's Antique Weapon Boutique.
 31032 | Orc:2    | Found Copros's General Store.
 31048 | Orc:2    | Bought a scroll of identify for 34 gold pieces
 31210 | Orc:2    | Bought the macabre finger necklace {rN+} for 600 gold pieces
 31210 | Orc:2    | Found the macabre finger necklace {rN+}
 31806 | D:12     | Received a gift from Okawaru
 31822 | D:12     | Got a transparent triple sword {god gift}
 31823 | D:12     | Identified the +6 triple sword of Wamexer {slice, rF+ rC+} (Okawaru gifted it to you on level 12 of the Dungeon)
 32360 | D:12     | Noticed Kirke
 32370 | D:12     | Killed Kirke
 32488 | D:12     | Found Jasoasulei's Book Boutique.
 32742 | D:12     | Found a runed gate.
 32742 | D:12     | Found a runed gate.
 32743 | D:12     | Found a runed gate.
 32745 | D:12     | Noticed Torious's ghost (journeyman DECj)
 32802 | D:12     | Killed Torious's ghost
 33463 | D:13     | Received a gift from Okawaru
 33464 | D:13     | Got a dazzling giant spiked club {god gift}
 33484 | D:13     | Identified the +7 giant spiked club "Ackehel" {holy, *Drain Str+2 Dex+6} (Okawaru gifted it to you on level 13 of the Dungeon)
 34143 | D:14     | Reached ****** piety under Okawaru
 34278 | D:14     | Gained mutation: You are dopey. (Int -2) [a neqoxec]
 34710 | D:14     | Received a gift from Okawaru
 35489 | D:14     | Reached XP level 16. HP: 120/174 MP: 22/22
 35793 | D:14     | Paralysed by an orc sorcerer for 3 turns
 35846 | D:14     | Found a gate to the Vaults.
 35968 | D:15     | Entered Level 15 of the Dungeon
 36417 | D:15     | Found a staircase to the Depths.
 36451 | D:15     | Found Lastrilih's Antique Weapon Shop.
 36488 | D:15     | Received a gift from Okawaru
 36899 | D:15     | Received a gift from Okawaru
 37399 | Spider:1 | Entered Level 1 of the Spider Nest
 37802 | Spider:1 | Reached skill level 15 in Maces & Flails
 38270 | Spider:1 | Reached skill level 15 in Fighting
 39590 | Spider:2 | Received a gift from Okawaru
 39787 | Spider:2 | Found a frozen archway.
 39947 | IceCv    | Entered an ice cave
 40096 | IceCv    | Reached XP level 17. HP: 184/184 MP: 24/24
 40215 | IceCv    | Received a gift from Okawaru
 40236 | IceCv    | Reached skill level 10 in Evocations
 40549 | IceCv    | Noticed an Ice Fiend
 40566 | IceCv    | Killed an Ice Fiend
 40566 | IceCv    | Received a gift from Okawaru
 40777 | IceCv    | Found the cursed necklace of Bloodlust {*Rage +Rage MR++ Int-3 Slay+6 *Curse}
 43616 | Spider:3 | Received a gift from Okawaru
 44668 | Spider:4 | Entered Level 4 of the Spider Nest
 45456 | Spider:4 | HP: 2/187 [emperor scorpion (30)]
 46053 | Spider:4 | Reached XP level 18. HP: 48/196 MP: 19/25
 46725 | Spider:4 | Upgraded the game from 0.22-a0-538-g76cc104 to 0.22-a0-542-gce4f928
 46918 | Spider:4 | Received a gift from Okawaru
 47745 | Spider:4 | Received a gift from Okawaru
 47773 | Spider:4 | Reached skill level 10 in Armour
 47962 | Spider:4 | Got a gossamer rune of Zot
 48400 | Shoals:1 | Entered Level 1 of the Shoals
 49162 | Shoals:1 | Noticed Aizul
 49178 | Shoals:1 | Killed Aizul
 50353 | Shoals:2 | Was placed under penance by Okawaru
 51364 | Shoals:3 | Was forgiven by Okawaru
 51694 | Shoals:3 | Noticed a quicksilver dragon
 51694 | Shoals:3 | a kraken changed into a quicksilver dragon
 51716 | Shoals:3 | Killed a quicksilver dragon
 53309 | Shoals:4 | Entered Level 4 of the Shoals
 53339 | Shoals:4 | Received a gift from Okawaru
 53867 | Shoals:4 | Received a gift from Okawaru
 54317 | Shoals:4 | Reached XP level 19. HP: 190/209 MP: 27/27
 54334 | Shoals:4 | Received a gift from Okawaru
 55288 | Shoals:4 | Noticed Ilsuiw
 55297 | Shoals:4 | Received a gift from Okawaru
 55318 | Shoals:4 | Killed Ilsuiw
 56460 | Shoals:4 | Got a barnacled rune of Zot
 56813 | Elf:1    | Entered Level 1 of the Elven Halls
 57026 | Elf:1    | Received a gift from Okawaru
 57027 | Elf:1    | Identified the +6 giant spiked club of Honesty {holy, Str+4} (Okawaru gifted it to you on level 1 of the Elven Halls)
 57806 | Elf:1    | Received a gift from Okawaru
 58025 | Elf:2    | Found a ruined gateway.
 58095 | Elf:2    | Received a gift from Okawaru
 58367 | Desolati | Entered the Desolation of Salt
 58621 | Desolati | Received a gift from Okawaru
 58645 | Desolati | HP: 9/211 [ragged hierophant/long sword of electrocution (5)]
 58663 | Desolati | Identified Sif Muna's Compendium of Enhancements
 58994 | Desolati | Got a bound ruby amulet
 58998 | Desolati | Identified the amulet of Timan {rPois rC+ Regen+} (You took it off a servant of whispers in the Desolation of Salt)
 59159 | Desolati | Reached XP level 20. HP: 221/221 MP: 28/28
 60346 | Desolati | Identified the Compendium of the Icy Escort
 60401 | Desolati | Received a gift from Okawaru
 61153 | Elf:2    | Noticed Roxanne
 61160 | Elf:2    | Killed Roxanne
 61180 | Elf:2    | Found a runed gate.
 61180 | Elf:2    | Found a runed gate.
 61180 | Elf:2    | Found a runed gate.
 61588 | Elf:2    | Received a gift from Okawaru
 62102 | Elf:2    | Reached skill level 15 in Throwing
 62353 | Elf:3    | Entered Level 3 of the Elven Halls
 62387 | Elf:3    | Noticed Nikola
 62398 | Elf:3    | Killed Nikola
 62585 | Elf:3    | Reached XP level 21. HP: 131/231 MP: 30/30
 62640 | Elf:3    | Noticed Louise
 62646 | Elf:3    | Killed Louise
 63195 | Elf:3    | Received a gift from Okawaru
 63203 | Elf:3    | Cast into level 2 of the Abyss (a deep elf sorcerer)
 63409 | Abyss:2  | Received a gift from Okawaru
 63636 | Elf:3    | Escaped the Abyss
 63916 | Elf:3    | Got a warped iron amulet
 63917 | Elf:3    | Identified the amulet "Ezo Hen" {+Rage rPois Str-2 Dex+7} (You took it off a deep elf sorcerer on level 3 of the Elven Halls)
 64485 | Vaults:1 | Entered Level 1 of the Vaults
 64698 | Vaults:1 | Found a runed gate.
 64698 | Vaults:1 | Found a runed gate.
 64698 | Vaults:1 | Found a runed gate.
 65355 | Vaults:1 | Received a gift from Okawaru
 65692 | Vaults:1 | Found Caneluoss's Armour Shop.
 65704 | Vaults:1 | Reached XP level 22. HP: 222/244 MP: 31/31
 65825 | Vaults:1 | Noticed opiumtea's ghost (adept HOMo)
 65825 | Vaults:1 | Noticed Gugguf's ghost (veteran HuFi)
 65854 | Vaults:1 | Killed opiumtea's ghost
 65869 | Vaults:1 | Killed Gugguf's ghost
 65869 | Vaults:1 | Received a gift from Okawaru
 67517 | Vaults:2 | Noticed Jorgrun
 67533 | Vaults:2 | Killed Jorgrun
 67934 | Vaults:2 | Received a gift from Okawaru
 67935 | Vaults:2 | Got an iridescent giant club {god gift}
 67964 | Vaults:2 | Identified the +6 giant club of Tueloth {holy, rElec rF+ Stlth+} (Okawaru gifted it to you on level 2 of the Vaults)
 68634 | Vaults:3 | Reached skill level 10 in Dodging
 68677 | Vaults:3 | Got a translucent glass ring
 68678 | Vaults:3 | Identified the ring of Wuexumuo {Fire rElec Str-4 Int+5 SInv} (You found it on level 3 of the Vaults)
 68825 | Vaults:3 | Received a gift from Okawaru
 69072 | Vaults:3 | Found Etuquufy's Antique Weapon Shoppe.
 69118 | Vaults:3 | Received a gift from Okawaru
 69148 | Vaults:3 | Reached XP level 23. HP: 256/256 MP: 32/32
 69412 | Vaults:3 | Found a staircase to the Crypt.
 69612 | Vaults:3 | Paralysed by a floating eye for 3 turns
 70218 | Vaults:3 | Identified Gavumil's Volume of Frigorific Fire
 70676 | Vaults:4 | Received a gift from Okawaru
 71098 | Vaults:4 | HP: 11/258 [death knight/battleaxe of chopping (2)]
 71451 | Vaults:4 | Found Okeitrodog's Distillery.
 71462 | Vaults:4 | Bought a potion of agility for 56 gold pieces
 71462 | Vaults:4 | Bought a potion of berserk rage for 70 gold pieces
 71462 | Vaults:4 | Bought a potion of curing for 42 gold pieces
 71462 | Vaults:4 | Bought a potion of flight for 42 gold pieces
 71462 | Vaults:4 | Bought a potion of brilliance for 56 gold pieces
 71462 | Vaults:4 | Bought a potion of might for 56 gold pieces
 71462 | Vaults:4 | Bought a potion of ambrosia for 112 gold pieces
 71462 | Vaults:4 | Bought a potion of curing for 42 gold pieces
 71462 | Vaults:4 | Bought a potion of mutation for 112 gold pieces
 71462 | Vaults:4 | Bought a potion of curing for 42 gold pieces
 71462 | Vaults:4 | Bought a potion of invisibility for 112 gold pieces
 71462 | Vaults:4 | Bought a potion of haste for 140 gold pieces
 72114 | Vaults:4 | Reached XP level 24. HP: 267/267 MP: 32/32
 72305 | Vaults:5 | Entered Level 5 of the Vaults
 72360 | Vaults:5 | Received a gift from Okawaru
 72620 | Vaults:5 | HP: 13/270 [vault warden/halberd of chopping (8)]
 72621 | Vaults:5 | HP: 6/270 [yaktaur/bolt (10)]
 72621 | Vaults:5 | Mangled by a vault warden

Vault maps used:
D:1:      dpeg_arrival_rooms_with_view
D:2:      first_ration, hangedman_abyss_or_decor_lesser_grid,
          grunt_decor_one_mirror
D:3:      led_xom_imps, vehumet_crystals
D:4:      grunt_qazlal_clouds, tso_oasis_becter, uniq_edmund
D:5:      grunt_temple_overflow_order_and_chaos_2, kiku_gazebo_pond_becter,
          minmay_misc_feat_tiny, wad_floor_pattern_1
D:6:      minmay_temple_entry_junction, serial_shops, shop,
          biasface_ghost_orc_armoury
D:7:      nicolae_ru_path_of_blood
D:8:      cheibrodos_helix_gallery, enter_bailey_3, hangedman_ranch, uniq_pikel
D:9:      lemuel_doored_altar, okawaru_humans, grunt_dithmenos_smoke,
          chequers_temple_overflow_minitemple, lair_entry_dummy, serial_shops,
          nicolae_shop_crystal, basic_altar, minmay_guarded_unrand_variability,
          uniq_erolcha, uniq_joseph
D:10:     lightli_elemental_guards, uniq_maurice, uniq_nergalle, uniq_gastronok
D:11:     orc_0_dummy, uniq_fannar
D:12:     serial_shops, nicolae_shop_behind_doors, gammafunk_ghost_spectres,
          uniq_kirke
D:14:     grunt_vaults_entry_fortified, abandoned_shop
D:15:     grunt_enter_depths_hoard, minmay_misc_feat_five, serial_shops, shop
Temple:   corrupted_temple
Lair:1:   grunt_megastairs_2, lemuel_fruit_tree, serial_bayou_shore_b,
          lemuel_fruit_fields, lemuel_fruit_fields
Lair:2:   minmay_shoals_entry_hut
Lair:4:   spider_nest_entry_webs
Lair:5:   dpeg_slime_entry_enclosed_altar, beast_lair_carwin_6,
          infiniplex_staircase_pool
Lair:6:   hangedman_lair_tendril_chambers, wormcave, lab_entry_generic,
          uniq_josephine, uniq_snorg
Shoals:1: ldierk_geyser, uniq_aizul
Shoals:3: argonaut_golden_fleece
Shoals:4: shoals_end_hangedman, shoal_ilsuiw
Spider:2: portal_ice_cave_entry_ice_statue_one
Spider:3: zaba_anthell
Spider:4: grunt_spider_rune_circles
Orc:2:    grunt_orc_gardens, grunt_orc_garden, grunt_orc_garden,
          grunt_orc_garden, grunt_orc_garden
Elf:1:    elf_arrival_001, evilmike_minifort
Elf:2:    portal_desolation_entry_nicolae_slug, patterned_corridor, uniq_roxanne
Elf:3:    minmay_elf_hall_quartered_circle, uniq_nikola, uniq_louise
Vaults:1: gammafunk_vaults_ghost_cemetery, vaults_dpeg_encased_lava,
          hangedman_vaults_maws, ontoclasm_vaults_tryst,
          vaults_room_mumra_shop_pool, vaults_standard_mumra_enter_the_diamond,
          vaults_mumra_minichess, hangedman_vaults_stagger, v_misc_12,
          ontoclasm_vaults_loading_screen, v_misc_25, v_misc_27, v_misc_22,
          ontoclasm_vaults_twist
Vaults:2: nicolae_vaults_three_branches, vaults_room_stairs_pillars,
          ontoclasm_vaults_misaligned, ontoclasm_vaults_idyll,
          grunt_vaults_diagonal, ontoclasm_vaults_chip,
          nicolae_vaults_hallways_thing, v_misc_3, v_alt_pattern_3, st_cells,
          hangedman_vaults_stream, ontoclasm_vaults_pinch,
          nicolae_vaults_yaktaur_gun_rack, uniq_jorgrun
Vaults:3: st_greater_box_4, minmay_crypt_entry_simple_sparse, v_misc_26,
          nicolae_vaults_disjoint_gnomons, ontoclasm_vaults_eye, v_misc_10,
          v_misc_11, vaults_dpeg_ring, serial_shops, nicolae_shop_trees
Vaults:4: v_rooms_3, v_pattern_3, nicolae_vaults_big_ls,
          nicolae_vaults_mini_display_case, grunt_vaults_twisty, st_octagons_2,
          hangedman_vaults_cutoff, nicolae_vaults_little_squares_6,
          grunt_vaults_hallway_short, serial_shops, nicolae_shop_waterfront
Vaults:5: uniq_margery
Abyss:2:  evilmike_abyss_exit_smiterflies
Lab:      nicolae_lab_dead_adventurers, nicolae_lab_dead_end,
          nicolae_lab_do_over, nicolae_lab_stuck, nicolae_lab_arrow,
          nicolae_lab_diamond, labyrinth_skeletal_remains, nicolae_lab_hexagon,
          nicolae_lab_starburst, nicolae_lab_grate_2, lab_block
Bailey:   bailey_axe_of_yendor_kennysheep, bailey
IceCv:    ice_cave_caverns_03

Skill      XL: |  1  2  3  4  5  6  7  8  9 10 11 12 13 14 15 16 17 18 19 20 21 22 23 24 |
---------------+-------------------------------------------------------------------------+-----
Fighting       | 3 4 5 6 8 9 10 11 12 13 14 15 16 17 18 19 20 21 | 21.3
Maces & Flails | 3 4 5 6 8 9 10 11 12 13 14 15 16 17 18 19 20 21 | 21.5
Dodging        | 3 4 5 6 7 9 10 11 | 11.6
Throwing       | 3 4 5 6 7 8 9 10 11 12 13 14 15 16 17 | 17.3
Evocations     | 2 3 4 5 6 7 8 9 10 11 12 | 12.0
Armour         | 2 3 4 6 7 8 9 10 11 12 13 14 | 14.0
Invocations    | 2 5 6 8 |  8.0

Action                   |  1- 3 |  4- 6 |  7- 9 | 10-12 | 13-15 | 16-18 | 19-21 | 22-24 || total
-------------------------+-------+-------+-------+-------+-------+-------+-------+-------++-------
Melee: Flail             |    85 |   239 |   207 |       |       |       |       |       ||   531
       Morningstar       |       |       |    17 |       |       |       |       |       ||    17
       Giant club        |       |       |   154 |   920 |   332 |       |       |       ||  1406
       Great mace        |       |       |       |     5 |       |       |       |       ||     5
       Giant spiked club |       |       |       |       |   742 |   961 |  1222 |   973 ||  3898
 Fire: Longbow           |       |       |       |       |     2 |       |       |       ||     2
Throw: Stone             |    34 |   169 |   142 |   177 |   122 |       |       |       ||   644
       Throwing net      |     1 |       |       |     5 |     2 |       |       |       ||     8
       Tomahawk          |       |       |       |    62 |       |       |       |       ||    62
       Javelin           |       |       |       |       |   232 |   266 |       |    28 ||   526
       Large rock        |       |       |       |       |    92 |   455 |   430 |   346 ||  1323
Invok: Heroism           |       |       |       |     7 |     7 |     2 |     5 |     2 ||    23
       Finesse           |       |       |       |       |     1 |       |       |       ||     1
 Abil: Evoke Invisibilit |       |       |     1 |     1 |     4 |     3 |     3 |     6 ||    18
       Evoke Berserk Rag |       |       |       |       |     1 |       |       |       ||     1
Evoke: Wand              |       |       |    11 |    31 |    41 |    42 |    18 |       ||   143
       Lamp of fire      |       |       |       |       |     3 |     4 |     2 |     2 ||    11
       Sack of spiders   |       |       |       |       |       |     2 |       |     1 ||     3
  Use: Scroll            |       |     4 |     3 |    20 |    11 |     2 |     8 |     7 ||    55
       Potion            |       |     1 |     1 |     1 |     8 |     7 |     4 |     6 ||    28
 Stab: Sleeping          |     1 |       |       |       |       |       |       |       ||     1
       Invisible         |       |     1 |     2 |     3 |    13 |    14 |     6 |    39 ||    78
       Paralysed         |       |       |    15 |     8 |    15 |       |     2 |       ||    40
       Confused          |       |       |     1 |       |       |       |       |       ||     1
       Distracted        |       |       |       |     1 |       |       |     2 |       ||     3
       Held in net/web   |       |       |       |       |       |     1 |       |       ||     1
  Eat: Chunk             |     2 |     8 |    12 |    25 |    45 |    45 |    35 |    26 ||   198
       Ration            |       |     1 |     1 |     2 |     9 |     5 |     1 |       ||    19
Armor: Robe              |    29 |    53 |   107 |    15 |       |       |       |       ||   204
       Gold dragon scale |       |       |       |   896 |  1280 |  1527 |  1107 |   756 ||  5566
Dodge: Dodged            |    51 |   122 |   238 |    92 |   142 |   328 |   381 |   586 ||  1940

Table legend:
 A = Spawn XP
 B = Non-spawn XP
 C = Spawn XP percentage of total XP
 D = Spawn monster count
 E = Non-spawn monster count
 F = Spawn count percentage of total count
 G = Total turns spent on level
                    A         B        C        D         E        F      G
               +---------+---------+-------+---------+---------+-------+---------
         Total |   12925 |  885070 |   1.4 |      27 |    1991 |   1.3 | 72621
               +---------+---------+-------+---------+---------+-------+---------
           D:1 |       0 |      45 |   0.0 |       0 |      26 |   0.0 |  1469
           D:2 |       0 |      72 |   0.0 |       0 |      23 |   0.0 |   907
           D:3 |       0 |     336 |   0.0 |       0 |      26 |   0.0 |  1917
           D:4 |       0 |     123 |   0.0 |       0 |       8 |   0.0 |   800
           D:5 |       0 |     454 |   0.0 |       0 |      15 |   0.0 |  1394
           D:6 |       0 |     825 |   0.0 |       0 |      24 |   0.0 |  1526
           D:7 |       0 |    1363 |   0.0 |       0 |      33 |   0.0 |  1563
           D:8 |       0 |    3517 |   0.0 |       0 |      30 |   0.0 |  1110
           D:9 |       0 |    5078 |   0.0 |       0 |      42 |   0.0 |  2366
          D:10 |       0 |    7461 |   0.0 |       0 |      36 |   0.0 |  1192
          D:11 |       0 |    4801 |   0.0 |       0 |      53 |   0.0 |   841
          D:12 |       0 |   13056 |   0.0 |       0 |      41 |   0.0 |  1405
          D:13 |       0 |    6688 |   0.0 |       0 |      23 |   0.0 |   995
          D:14 |       0 |   19180 |   0.0 |       0 |      47 |   0.0 |  1925
          D:15 |       0 |   16657 |   0.0 |       0 |      37 |   0.0 |  1316
        Lair:1 |       0 |    4045 |   0.0 |       0 |      14 |   0.0 |  1644
        Lair:2 |       0 |    7204 |   0.0 |       0 |      24 |   0.0 |  1764
        Lair:3 |       0 |    2167 |   0.0 |       0 |      11 |   0.0 |   933
        Lair:4 |       0 |    5338 |   0.0 |       0 |      21 |   0.0 |  1588
        Lair:5 |       0 |   11070 |   0.0 |       0 |      43 |   0.0 |  2810
        Lair:6 |       0 |   24974 |   0.0 |       0 |      87 |   0.0 |  3351
      Shoals:1 |       0 |   10778 |   0.0 |       0 |      20 |   0.0 |  1158
      Shoals:2 |       0 |   13792 |   0.0 |       0 |      28 |   0.0 |  2667
      Shoals:3 |       0 |   18929 |   0.0 |       0 |      33 |   0.0 |  1883
      Shoals:4 |       0 |   41955 |   0.0 |       0 |      75 |   0.0 |  2583
      Spider:1 |       0 |   19832 |   0.0 |       0 |      55 |   0.0 |  1965
      Spider:2 |       0 |   20755 |   0.0 |       0 |      63 |   0.0 |  2814
      Spider:3 |       0 |   21945 |   0.0 |       0 |      80 |   0.0 |  1683
      Spider:4 |       0 |   39445 |   0.0 |       0 |      73 |   0.0 |  3632
         Orc:1 |       0 |    1883 |   0.0 |       0 |      28 |   0.0 |  1328
         Orc:2 |       0 |    8629 |   0.0 |       0 |      27 |   0.0 |  1120
         Elf:1 |       0 |   24523 |   0.0 |       0 |      39 |   0.0 |  1260
         Elf:2 |       0 |   46433 |   0.0 |       0 |      60 |   0.0 |  1737
         Elf:3 |       0 |   68738 |   0.0 |       0 |      72 |   0.0 |  1520
      Vaults:1 |       0 |   36973 |   0.0 |       0 |      59 |   0.0 |  2105
      Vaults:2 |       0 |   65863 |   0.0 |       0 |      97 |   0.0 |  1598
      Vaults:3 |       0 |   96476 |   0.0 |       0 |     120 |   0.0 |  2384
      Vaults:4 |       0 |   72564 |   0.0 |       0 |     102 |   0.0 |  1733
      Vaults:5 |       0 |   55831 |   0.0 |       0 |      57 |   0.0 |   316
       Abyss:2 |   12925 |    7395 |  63.6 |      27 |      22 |  55.1 |   433
           Lab |       0 |    1984 |   0.0 |       0 |       5 |   0.0 |   448
        Bailey |       0 |    2843 |   0.0 |       0 |      43 |   0.0 |  1935
         IceCv |       0 |   10182 |   0.0 |       0 |      51 |   0.0 |   854
    Desolation |       0 |   62868 |   0.0 |       0 |     118 |   0.0 |  2609
               +---------+---------+-------+---------+---------+-------+---------
